 Dungeon Crawl Stone Soup version 0.26.1-10-gdfb7c7de75 (webtiles) character file.

Game seed: 3238691459782339424

15946 diana the Fighter (level 12, -1/100 (102) HPs)
             Began as a Demonspawn Gladiator on Apr 3, 2021.
             Was an Initiate of Gozag.
             Slain by an orc high priest
             ... wielding a +0 short sword
              (4 damage)
             ... on level 2 of the Orcish Mines.
             The game lasted 00:20:33 (14563 turns).

diana the Fighter (Demonspawn Gladiator)           Turns: 14563, Time: 00:20:33

HP:   -1/100 (102)  AC: 11    Str: 19    XL:     12   Next: 5%
MP:   12/12         EV: 20    Int: 10    God:    Gozag
Gold: 2415          SH:  7    Dex: 21    Spells: 11/11 levels left

rFire    . . .     SeeInvis .   q - +0 scimitar
rCold    . . .     Faith    .   F - +1 buckler {AC+3}
rNeg     . . .     Spirit   .   Q - +3 leather armour {Will+}
rPois    .         Reflect  .   (helmet restricted)
rElec    .         Harm     .   G - +1 cloak
rCorr    .         Rampage  .   (no gloves)
Will     +....                  (no boots)
Stlth    ++........             v - amulet of magic regeneration
HPRegen  0.26/turn              i - +6 ring of dexterity
MPRegen  0.38/turn              t - ring of wizardry

@: mighty, gold aura, lightly drained
A: horns 2, powered by death 1, spiny 2
a: Renounce Religion, Potion Petition, Call Merchant, Bribe Branch


You were on level 2 of the Orcish Mines.
You worshipped Gozag.
Gozag was most pleased with you.
You visited 3 branches of the dungeon, and saw 14 of its levels.

You collected 2917 gold pieces.
You spent 431 gold pieces at shops.
You paid 71 gold pieces to Gozag.

Inventory:

Hand Weapons
 a - a +0 long sword
 q - a +0 scimitar (weapon)
Missiles
 d - 3 throwing nets (quivered)
 l - 3 javelins
Armour
 F - a +1 buckler of protection (worn)
 G - a +1 cloak (worn)
 Q - a +3 leather armour of willpower (worn)
Jewellery
 i - a +6 ring of dexterity (left hand)
 t - a ring of wizardry (right hand)
 v - an amulet of magic regeneration (around neck)
 C - an uncursed ring of protection from fire
Wands
 y - a wand of enslavement (8)
 B - a wand of acid (4)
 I - a wand of digging (5)
Scrolls
 c - a scroll of fog {unknown}
 f - a scroll of identify
 j - 9 scrolls of remove curse
 m - 4 scrolls of amnesia
 o - 3 scrolls of teleportation
 s - 2 scrolls of blinking
 u - 3 scrolls of fear {unknown}
 E - 3 scrolls of enchant armour {unknown}
 H - a scroll of magic mapping {unknown}
 L - 2 scrolls of enchant weapon {unknown}
Potions
 e - 5 potions of curing
 g - a potion of might
 k - 2 potions of heal wounds
 n - 2 potions of haste
 p - a potion of berserk rage
 r - 5 potions of degeneration
 w - a potion of cancellation {unknown}
 x - a potion of resistance {unknown}
 z - a potion of invisibility {unknown}
 A - 2 potions of flight
 D - 2 potions of brilliance
 J - a potion of lignification {unknown}
 M - a potion of ambrosia {unknown}
 N - a potion of attraction {unknown}
 P - a potion of mutation {unknown}


   Skills:
 + Level 11.9 Fighting
 * Level 10.5 Long Blades
 - Level 1.7 Throwing
 - Level 5.0 Armour
 - Level 10.0 Dodging
 - Level 4.0 Shields


You had 11 spell levels left.
You didn't know any spells.
Your spell library contained the following spells:

 Spells                   Type           Power        Failure   Level
 Foxfire                  Conj/Fire      0%           17%         1
 Magic Dart               Conj           0%           17%         1
 Shock                    Conj/Air       0%           17%         1
 Blink                    Tloc           N/A          26%         2
 Call Imp                 Summ           0%           26%         2
 Slow                     Hex            0%           26%         2
 Swiftness                Air            0%           26%         2
 Conjure Flame            Conj/Fire      0%           45%         3
 Inner Flame              Hex/Fire       0%           45%         3
 Mephitic Cloud           Conj/Pois/Air  0%           45%         3
 Static Discharge         Conj/Air       0%           45%         3
 Airstrike                Air            0%           83%         4
 Sticky Flame             Conj/Fire      0%           83%         4
 Fireball                 Conj/Fire      0%           99%         5
 Lightning Bolt           Conj/Air       0%           99%         5


Dungeon Overview and Level Annotations

Branches:
Dungeon (11/15)            Temple (0/1) D:4            Lair (1/6) D:10
    Orc (2/2) D:10
    Elf: Orc:2

Altars:
Cheibriados
Dithmenos
Fedhas
Gozag
Kikubaaqudgha
Nemelex Xobeh
Qazlal
Ru
Sif Muna
Trog
Wu Jian
Yredelemnul
Zin
The Shining One
Beogh

Shops:
D:4 *   Orc:2 }


Innate Abilities, Weirdness & Mutations

You have a pair of horns on your head.
You regenerate a little health from kills.
You are mostly covered in sharp spines.


Message History

You block the orc's attack.
The orc warrior hits you from afar with a +0 trident!
* * * LOW HITPOINT WARNING * * *
The orc priest is struck by your spines.
The orc priest misses you.
The orc high priest is struck by your spines.
The orc high priest hits you but does no damage.
The orc warrior hits you with a +1 long sword of draining.
* * * LOW HITPOINT WARNING * * *
You feel drained.
* * * LOW HITPOINT WARNING * * *
You hit the orc high priest.
The orc high priest is moderately wounded.
The orc priest invokes the aid of Beogh against you.
Beogh smites you!
* * * LOW HITPOINT WARNING * * *
You block the orc warrior's attack.
The orc high priest hits you with a +0 short sword.
You die...
Your body crumbles into a pile of gold.

#####
##...##
##.....##
##.......###
#...oo.....#
#..oooo.....
#..o@o......
##.......##.
##.....##
##...##
#####


You could see an orc high priest, 2 orc warriors, 3 orc priests and 2 orcs.

Vanquished Creatures
  An orc warlord (Orc:2)
  3 two-headed ogres
  An unseen horror (D:10)
  Pikel (D:5)
  2 cyclopes (D:11)
  A kobold demonologist (D:11)
  3 trolls
  A hornet (D:10)
  Grinder (D:6)
  A slime creature (D:8)
  Sigmund (D:5)
  4 wraiths (D:10)
  3 wyverns
  Eustachio (D:6)
  A vampire mosquito (D:10)
  A warg (Orc:1)
  A water moccasin (D:10)
  A sky beast (D:10)
  2 ice beasts (D:9)
  3 black bears
  A phantom (D:8)
  13 orc warriors
  14 ogres
  6 centaurs
  2 big kobolds
  8 bullfrogs
  A gnoll sergeant (D:9)
  3 scorpions
  6 killer bees (D:11)
  5 wights (D:9)
  5 howler monkeys
  10 jellies (D:8)
  3 bullfrog zombies
  8 orc wizards
  2 centaur skeletons
  5 hounds
  10 orc priests
  A bullfrog skeleton (D:9)
  10 iguanas
  8 worker ants
  A killer bee zombie (D:9)
  12 gnolls
  17 adders
  2 shadow imps
  A white imp (D:8)
  3 ufetubi
  11 oozes
  2 adder zombies
  An adder skeleton (D:4)
  6 worms
  3 dart slugs
  5 leopard geckos
  97 orcs
  7 giant cockroaches
  11 goblins
  9 hobgoblins
  18 jackals
  4 quokkas
  4 ball pythons
  9 bats
  3 frilled lizards
  14 kobolds
  13 rats
407 creatures vanquished.

Vanquished Creatures (others)
  A human (D:8)
  7 fungi (D:8)
  A plant (D:4)
9 creatures vanquished.

Grand Total: 416 creatures vanquished

Notes
Turn   | Place    | Note
-------+----------+-------------------------------------------
     0 | D:1      | diana the Demonspawn Gladiator began the quest for the Orb.
     0 | D:1      | Reached XP level 1. HP: 16/16 MP: 1/1
   277 | D:1      | Gained mutation: You regenerate a little health from kills.
                  | [demonic ancestry]
   277 | D:1      | Reached XP level 2. HP: 18/23 MP: 2/2
   997 | D:1      | Gained mutation: You are partially covered in sharp spines.
                  | [demonic ancestry]
   997 | D:1      | Reached XP level 3. HP: 28/28 MP: 3/3
  1423 | D:2      | Reached skill level 3 in Fighting
  1547 | D:2      | Found a stormy altar of Qazlal.
  2314 | D:3      | Reached XP level 4. HP: 25/35 MP: 4/4
  2506 | D:3      | Found a snail-covered altar of Cheibriados.
  2516 | D:3      | Found a shadowy altar of Dithmenos.
  2910 | D:3      | Found a glowing silver altar of Zin.
  3010 | D:3      | Found an ornate altar of the Wu Jian Council.
  3032 | D:3      | Reached skill level 4 in Fighting
  3032 | D:3      | Reached XP level 5. HP: 25/42 MP: 5/5
  3716 | D:4      | You fall into a shaft and drop 2 floors!
  3717 | D:6      | Noticed a black bear
  3724 | D:6      | Gained mutation: You have a pair of small horns on your
                  | head. [demonic ancestry]
  3724 | D:6      | Reached XP level 6. HP: 45/49 MP: 6/6
  3733 | D:6      | Reached skill level 5 in Fighting
  3748 | D:6      | Found an opulent altar of Gozag.
  3776 | D:6      | Became a worshipper of Gozag Ym Sagoz the Greedy
  4127 | D:5      | Entered Level 5 of the Dungeon
  4127 | D:5      | Noticed Sigmund
  4134 | D:5      | Killed Sigmund
  4135 | D:5      | Reached XP level 7. HP: 53/57 MP: 7/7
  4140 | D:5      | Reached skill level 6 in Fighting
  4361 | D:4      | Found a staircase to the Ecumenical Temple.
  4375 | D:4      | Found Utize's Assorted Antiques.
  4467 | D:4      | Bought a scroll labelled MIMUQULEJA for 25 gold pieces
  4469 | D:4      | Bought a scroll of identify for 50 gold pieces
  4979 | D:4      | Bought a sedimented cyan potion for 22 gold pieces
  4979 | D:4      | Bought a shiny pearl ring for 125 gold pieces
  4979 | D:4      | Bought a murky grey potion for 22 gold pieces
  4993 | D:4      | Reached skill level 10 in Fighting
  4993 | D:4      | Gained mutation: You are mostly covered in sharp spines.
                  | [demonic ancestry]
  4993 | D:4      | Reached XP level 8. HP: 74/74 MP: 8/8
  5318 | D:5      | Reached XP level 9. HP: 76/79 MP: 9/9
  5400 | D:5      | Found a sacrificial altar of Ru.
  5621 | D:5      | Noticed Pikel
  5629 | D:5      | Found a shimmering blue altar of Sif Muna.
  5637 | D:5      | Killed Pikel
  5638 | D:5      | Reached skill level 11 in Fighting
  5638 | D:5      | Reached skill level 1 in Armour
  6055 | D:6      | Noticed Eustachio
  6063 | D:6      | Killed Eustachio
  6135 | D:6      | Noticed Grinder
  6144 | D:6      | Killed Grinder
  6778 | D:4      | Bought a shiny buckler for 187 gold pieces
  7142 | D:7      | Found a bloodstained altar of Trog.
  7210 | D:7      | Found a blossoming altar of Fedhas.
  7407 | D:8      | Reached skill level 1 in Shields
  7407 | D:8      | Reached XP level 10. HP: 82/88 MP: 10/10
  7566 | D:8      | Found an ancient bone altar of Kikubaaqudgha.
  8163 | D:8      | Found an ancient bone altar of Kikubaaqudgha.
  8472 | D:8      | Found a basalt altar of Yredelemnul.
  8472 | D:8      | Found a sparkling altar of Nemelex Xobeh.
  8477 | D:8      | Found a glowing golden altar of the Shining One.
  9165 | D:9      | Noticed a two-headed ogre
  9175 | D:9      | Killed a two-headed ogre
 10067 | D:10     | Entered Level 10 of the Dungeon
 10195 | D:10     | Reached XP level 11. HP: 72/95 MP: 11/11
 10337 | D:10     | Found the +5 scythe "Finisher" {speed, eviscerate}
 11002 | D:10     | Killed an unseen horror
 11344 | D:10     | Noticed a two-headed ogre
 11594 | D:9      | Killed a two-headed ogre
 11745 | D:10     | Reached skill level 5 in Armour
 11751 | D:10     | Found a roughly hewn altar of Beogh.
 11751 | D:10     | Found a staircase to the Orcish Mines.
 12117 | D:10     | Found a staircase to the Lair.
 13520 | Lair:1   | Entered Level 1 of the Lair of Beasts
 13549 | Lair:1   | Noticed a five-headed hydra
 13653 | Orc:1    | Entered Level 1 of the Orcish Mines
 13715 | Orc:2    | Entered Level 2 of the Orcish Mines
 13788 | Orc:2    | Noticed a two-headed ogre
 13816 | Orc:1    | Killed a two-headed ogre
 13997 | Orc:1    | Reached skill level 10 in Long Blades
 14061 | Orc:1    | Reached skill level 10 in Dodging
 14490 | Orc:2    | Found a roughly hewn altar of Beogh.
 14539 | Orc:2    | Noticed an orc warlord
 14539 | Orc:2    | Noticed an orc knight
 14539 | Orc:2    | Noticed an orc sorcerer
 14555 | Orc:2    | Killed an orc warlord
 14556 | Orc:2    | Gained mutation: You have a pair of horns on your head.
                  | [demonic ancestry]
 14556 | Orc:2    | Reached XP level 12. HP: 39/102 MP: 12/12
 14559 | Orc:2    | Found Asapu's Gadget Emporium.
 14559 | Orc:2    | Noticed an orc high priest
 14563 | Orc:2    | HP: 3/100 [orc priest/divine providence (12)]
 14563 | Orc:2    | Slain by an orc high priest

Illustrated notes

Levels and vault maps discovered:
D:1:      dpeg_chamrin_arrival_tetris, layout_loops_corners, st_stairs_7
D:2:      layout_basic, chequers_serial_rivers_room_b,
          nicolae_qazlal_general_emergency
D:3:      minmay_chambers_of_threes, layout_loops_ring, lemuel_crystal_altar,
          chequers_temple_overflow_statue_of_worship,
          lemuel_coloured_pillars_altar, skrybe_limestone_x,
          kennysheep_generic_room_4
D:4:      layout_basic, minmay_temple_entry_grid, enter_ossuary_5,
          serial_curves, eino_curves_01, eino_curves_01, eino_curves_01,
          eino_curves_02, serial_shops, nicolae_shop_overgrown_old_shop
D:5:      layout_rooms, nicolae_ru_sacrificial_ziggurat,
          nicolae_overflow_crystal_walls, minmay_misc_feat_roman,
          minmay_increasing_density, uniq_pikel, uniq_sigmund
D:6:      minmay_general_purpose_star, layout_loops_corners,
          nicolae_gozag_cash_rules_everything_around_me, uniq_eustachio,
          uniq_grinder
D:7:      layout_gridville, old_standard_altar, lemuel_doored_altar,
          minmay_misc_feat_doors
D:8:      lemuel_slime, layout_loops_ring, minitemple, tgw_kikubaaqudgha
D:9:      layout_cave_pools, serial_rivers, chequers_serial_rivers_micro_d,
          chequers_serial_rivers_small_3, chequers_serial_rivers_marsh,
          chequers_serial_rivers_room_a, chequers_serial_rivers_micro_b
D:10:     minmay_distorted_concentric_squares, layout_basic, lair_entry_dummy,
          david_orc_5, minmay_guarded_unrand_finisher
D:11:     layout_loops_corners, kennysheep_generic_room_6
Lair:1:   layout_gridlike
Orc:1:    layout_diamond_mine
Orc:2:    pubby_orc_utopia

Skill      XL: |  1  2  3  4  5  6  7  8  9 10 11 |
---------------+----------------------------------+-----
Long Blades    | 3 4 7 8 10 | 10.5
Dodging        | 3 4 7 8 10 | 10.0
Fighting       | 3 4 5 10 11 | 11.9
Armour         | 2 4 5 |  5.0
Shields        | 1 3 4 |  4.0
Throwing       | |  1.7

Action                   |  1- 3 |  4- 6 |  7- 9 | 10-12 || total
-------------------------+-------+-------+-------+-------++-------
Melee: Long sword        |   111 |    19 |       |       ||   130
       Scimitar          |       |    95 |   179 |   554 ||   828
       Headbutt          |       |     9 |    58 |   189 ||   256
Evoke: Wand              |       |       |       |     1 ||     1
  Use: Scroll            |       |       |    11 |     8 ||    19
       Potion            |       |       |     1 |     4 ||     5
 Stab: Sleeping          |     1 |     1 |       |     4 ||     6
       Distracted        |       |       |     1 |     4 ||     5
Armor: Leather armour    |    28 |    28 |    18 |    62 ||   136
Dodge: Dodged            |    79 |    95 |    97 |   366 ||   637
Block: Buckler           |       |       |    16 |   181 ||   197
       Rpst.: Long sword |    26 |     4 |       |       ||    30
       Scimitar          |       |    25 |    25 |    91 ||   141
